 Dungeon Crawl Stone Soup version 0.28-a0-779-g3d1f99b579 (webtiles) character file.

Game seed: 16419290662004536508

792 iamoutofideas the Thaumaturge (level 7, 0/36 HPs)
             Began as a Deep Elf Fire Elementalist on Nov 2, 2021.
             Killed from afar by a steam dragon (17 damage)
             ... with a ball of steam
             ... on level 5 of the Dungeon.
             The game lasted 00:09:10 (5342 turns).

iamoutofideas the Thaumaturge (DEFE)                Turns: 5342, Time: 00:09:10

Health: 0/36       AC: 10    Str:  5    XL:     7   Next: 57%
Magic:  3/20       EV: 13    Int: 22    God:
Gold:   194        SH:  0    Dex: 15    Spells: 12/22 levels left

rFire   . . .      SeeInvis .   (no weapon)
rCold   . . .      Faith    .   (no shield)
rNeg    . . .      Spirit   .   h - +1 robe {Archmagi}
rPois   .          Reflect  .   g - +0 helmet
rElec   .          Harm     .   b - +0 cloak
rCorr   .          Rampage  .   l - +2 pair of gloves
Will    .....      Archmagi +   o - +1 pair of boots
Stlth   ++........              (no amulet)
HPRegen 0.12/turn               (no ring)
MPRegen 0.17/turn               (no ring)

@: no status effects
A: no striking features
a: no special abilities


You were on level 5 of the Dungeon.
You visited 1 branch of the dungeon, and saw 5 of its levels.

You collected 194 gold pieces.

Inventory:

Armour
 a - a +0 robe
 b - a +0 cloak (worn)
 g - a +0 helmet (worn)
 h - a +1 robe of the Archmagi (worn)
 l - a +2 pair of gloves (worn)
 o - a +1 pair of boots (worn)
Magical Staves
 i - a staff of earth
Scrolls
 c - a scroll of teleportation {unknown}
 e - a scroll of amnesia {unknown}
 f - a scroll of identify
 k - 3 scrolls of enchant armour {unknown}
 n - a scroll of silence {unknown}
Potions
 d - a potion of attraction {unknown}
 j - a potion of haste
 m - a potion of invisibility
 p - 2 potions of lignification


   Skills:
 + Level 2.9 Dodging
 + Level 3.1 Stealth
 + Level 8.1 Spellcasting
 + Level 4.2 Conjurations
 * Level 5.8 Fire Magic


You had 12 spell levels left.
You knew the following spells:

 Your Spells              Type           Power      Damage    Failure   Level
a - Foxfire               Conj/Fire      100%       2x1d9     1%          1
b - Scorch                Fire           100%       2d10      1%          2
c - Conjure Flame         Conj/Fire      46%        6-21      2%          3
d - Flame Wave            Conj/Fire      46%        3d9       10%         4

Your spell library contained the following spells:

 Spells                   Type           Power      Damage    Failure   Level
 Inner Flame              Hex/Fire       32%        N/A       7%          3


Dungeon Overview and Level Annotations

Branches:
Dungeon (5/15)
 Temple: D:4-7

Altars:
Okawaru
Sif Muna

Shops:
D:3 :

Annotations:
D:3 exclusion: downstairs
D:4 Pikel


Message History

You feel a surge of power!
Flames lash the orc.
The orc is heavily wounded.
The orc's fire resistance burns away.
The orc throws a boomerang of dispersal.
The boomerang of dispersal barely misses you.
Casting: Scorch (safe; 1% risk of failure)
Confirm with . or Enter, or press ? or * to list all spells.
You feel a surge of power!
Flames lash the orc.
The orc is burned terribly!
You kill the orc!
A steam dragon comes into view.
Unknown command.
Casting: Scorch (safe; 1% risk of failure)
Confirm with . or Enter, or press ? or * to list all spells.
You feel a surge of power!
Flames lash the steam dragon but do no damage.
Unknown command.
Casting: Scorch (safe; 1% risk of failure)
Confirm with . or Enter, or press ? or * to list all spells.
You feel a surge of power!
Flames lash the steam dragon.
The steam dragon is lightly wounded.
The steam dragon's fire resistance burns away.
Unknown command.
Casting: Scorch (safe; 1% risk of failure)
Confirm with . or Enter, or press ? or * to list all spells.
You feel a surge of power!
You conjure some foxfire!
The steam dragon breathes steam at you. The ball of steam hits your foxfire.
Your foxfire resists.
The ball of steam hits you!!
Ouch! That really hurt!
The ball of steam hits your foxfire.
Your foxfire resists.
Your foxfire dissipates!
You are engulfed in a cloud of scalding steam.
The foxfire hits the steam dragon but does no damage.
The steam dragon is lightly wounded.
The steam dragon is no longer more vulnerable to fire.
The steam dragon breathes steam at you. The ball of steam hits you!
You die...

###############
#.D.ยงยง@.......#
#.###########.#
#.# #.######.#
#D# #.......# #)#
#.######.# .)#
#.......... ...#
#.########. #...#
#...### #. #...#
######...# #.


There were no monsters in sight!

Vanquished Creatures
  Menkaure (D:4)
  A necrophage (D:2)
  An ogre (D:4)
  2 lemures (D:4)
  Blork the orc (D:4)
  A scorpion (D:4)
  A howler monkey (D:4)
  A centaur zombie (D:4)
  A hound (D:5)
  An iguana (D:4)
  A hound zombie (D:4)
  A howler monkey skeleton (D:4)
  6 adders
  7 gnolls (D:3)
  An adder skeleton (D:4)
  A worm (D:3)
  5 dart slugs
  9 orcs
  7 bats
  11 endoplasms
  3 giant cockroaches
  4 goblins
  11 hobgoblins
  A jackal (D:2)
  9 kobolds
  2 quokkas
  5 ball pythons
  4 frilled lizards
  5 rats
104 creatures vanquished.

Vanquished Creatures (others)
  375 foxfires
375 creatures vanquished.

Grand Total: 479 creatures vanquished

Notes
Turn   | Place    | Note
-------+----------+-------------------------------------------
     0 | D:1      | iamoutofideas the Deep Elf Fire Elementalist began the
                  | quest for the Orb.
     0 | D:1      | Reached XP level 1. HP: 10/10 MP: 6/6
   517 | D:1      | Reached XP level 2. HP: 15/15 MP: 6/8
  1236 | D:2      | Learned a level 2 spell: Scorch
  1358 | D:2      | Reached XP level 3. HP: 19/19 MP: 5/10
  2243 | D:3      | Reached skill level 4 in Spellcasting
  2305 | D:3      | Found Nudakkai's Book Emporium.
  2313 | D:3      | Reached XP level 4. HP: 24/24 MP: 10/12
  2355 | D:3      | Learned a level 3 spell: Conjure Flame
  2360 | D:3      | Learned a level 4 spell: Flame Wave
  2409 | D:3      | Noticed a necrophage
  2465 | D:2      | Killed a necrophage
  2466 | D:2      | Reached skill level 5 in Spellcasting
  2466 | D:2      | Reached XP level 5. HP: 27/28 MP: 8/15
  2796 | D:3      | Found an iron altar of Okawaru.
  3089 | D:3      | Reached skill level 6 in Spellcasting
  3417 | D:4      | Noticed a lemure
  3454 | D:4      | Killed a lemure
  3740 | D:4      | Reached XP level 6. HP: 32/32 MP: 14/17
  4111 | D:4      | Reached skill level 5 in Fire Magic
  4115 | D:4      | Reached skill level 7 in Spellcasting
  4119 | D:4      | Reached XP level 7. HP: 33/36 MP: 7/19
  4414 | D:4      | Noticed Blork the orc
  4425 | D:4      | Killed Blork the orc
  4513 | D:4      | Found a shimmering blue altar of Sif Muna.
  4562 | D:4      | Noticed Menkaure
  4577 | D:4      | Killed Menkaure
  4578 | D:4      | Reached skill level 8 in Spellcasting
  4956 | D:4      | Noticed Pikel
  5196 | D:5      | Entered Level 5 of the Dungeon
  5333 | D:5      | Noticed a steam dragon
  5342 | D:5      | Killed from afar by a steam dragon

Illustrated notes

Levels and vault maps discovered:
D:1:      co_arrival_square_in_a_square_in_a_square, layout_loops_ring
D:2:      layout_rooms, minmay_between
D:3:      layout_rooms, overflow_temple_1_default, serial_shops, shop,
          minmay_fountain_box
D:4:      minmay_chambers_of_threes, layout_gridville,
          mainiacjoe_overflow_small_starburst, kennysheep_minor_cross,
          uniq_menkaure, uniq_pikel, uniq_blork_the_orc
D:5:      layout_loops_ring, minmay_temple_entry_hall, gammafunk_ghost_arena,
          uniq_duvessa

Skill      XL: |  1  2  3  4  5  6  7 |
---------------+----------------------+-----
Fire Magic     | 4 5 |  5.8
Conjurations   | 2 3 4 |  4.2
Spellcasting   | 4 5 6 7 8 |  8.1
Stealth        | 3 |  3.1
Dodging        | |  2.9

Action                   |  1- 3 |  4- 6 |  7- 9 || total
-------------------------+-------+-------+-------++-------
Melee: Unarmed           |     1 |     1 |       ||     2
 Cast: Foxfire           |    98 |    88 |    49 ||   235
       Scorch            |       |     8 |    10 ||    18
       Conjure Flame     |       |     1 |     2 ||     3
  Use: Scroll            |       |       |     5 ||     5
Armor: Robe              |    10 |     6 |    10 ||    26
Dodge: Dodged            |    23 |    21 |    18 ||    62

Table legend: (Time is in decaauts)
 A = Elapsed time spent in this place.
 B = Non-inter-level travel time spent in this place.
 C = Inter-level travel time spent in this place.
 D = Time resting spent in this place.
 E = Time spent auto-exploring this place.
 F = Levels seen in this place.
 G = Mean time per level.
                   A        B        C        D        E       F      G
               +--------+--------+--------+--------+--------+-----+--------+
         Total |   5343 |   5157 |    186 |   1434 |   2764 |   5 | 1068.6 |
       Dungeon |   5343 |   5157 |    186 |   1434 |   2764 |   5 | 1068.6 |
               +--------+--------+--------+--------+--------+-----+--------+

Top non-repeatable levels by time:
     D:4: 1776 daAuts
     D:1: 1200 daAuts
     D:3: 1190 daAuts
     D:2: 1030 daAuts
     D:5: 145 daAuts
